 Dungeon Crawl Stone Soup version 0.28-a0-1347-g113dc556a4 (webtiles) character file.

Game seed: 17734180481331935748

276 miscthings the Ruffian (level 5, 0/42 HPs)
             Began as a Demigod Transmuter on Dec 30, 2021.
             Succumbed to an adder's poison
             ... on level 6 of the Dungeon.
             The game lasted 00:05:56 (3762 turns).

miscthings the Ruffian (Demigod Transmuter)         Turns: 3762, Time: 00:05:56

Health: 0/42       AC:  2    Str: 15    XL:     5   Next: 73%
Magic:  10/12      EV: 13    Int: 15    God:
Gold:   78         SH:  0    Dex: 14    Spells: 3/9 levels left

rFire   . . .      SeeInvis .     - Unarmed
rCold   . . .      Faith    .   l - orb {light}
rNeg    . . .      Spirit   .   a - +0 robe
rPois   .          Reflect  .   (no helmet)
rElec   .          Harm     .   (no cloak)
rCorr   .          Rampage  .   (no gloves)
Will    .....                   (no boots)
Stlth   +.........              (no amulet)
HPRegen 0.14/turn               (no ring)
MPRegen 0.13/turn               (no ring)

@: mighty, lethally poisoned (0 -> -2), flying, glowing
A: high mp 1, forlorn, divine attributes
a: no special abilities


You were on level 6 of the Dungeon.
You visited 1 branch of the dungeon, and saw 4 of its levels.
You also visited: Sewer.

You collected 78 gold pieces.

Inventory:

Armour
 a - a +0 robe (worn)
 l - an orb of light (worn)
Scrolls
 b - a scroll of blinking {unknown}
 c - 5 scrolls of identify {unknown}
 d - 2 scrolls of teleportation {unknown}
 g - a scroll of torment {unknown}
 j - a scroll of magic mapping {unknown}
 k - 2 scrolls of noise {unknown}
 m - a scroll of enchant armour {unknown}
Potions
 f - a potion of ambrosia {unknown}
 h - a potion of invisibility {unknown}
 i - a potion of flight
 n - a potion of heal wounds {unknown}
 o - a potion of lignification {unknown}


   Skills:
 + Level 2.3 Fighting
 + Level 3.0 Dodging
 + Level 3.6 Unarmed Combat
 + Level 2.8 Spellcasting
 + Level 3.0 Transmutations


You had 3 spell levels left.
You knew the following spells:

 Your Spells              Type           Power      Damage    Failure   Level
a - Beastly Appendage     Tmut           22%        N/A       6%          1
b - Spider Form           Tmut/Pois      6%         N/A       32%         3
c - Wereblood             Tmut           11%        N/A       9%          2

Your spell library contained the following spells:

 Spells                   Type           Power      Damage    Failure   Level
 Ice Form                 Ice/Tmut       6%         N/A       73%         4


Dungeon Overview and Level Annotations

Branches:
Dungeon (6/15)              Sewer (visited)
 Temple: D:4-7

Shops:
D:2 =


Innate Abilities, Weirdness & Mutations

You have an increased reservoir of magic. (+10% MP)
You shall have no god before yourself.
Your divine heritage dramatically boosts your attributes as you level up.


Message History

* * * LOW HITPOINT WARNING * * *
An adder comes into view.
You hit the kobold brigand.
The kobold brigand is almost dead.
You howl as the wereblood boils in your veins!
Your primal bloodlust has ended.
The kobold brigand closely misses you.
You hit the kobold brigand but do no damage.
The kobold brigand is almost dead.
The kobold brigand completely misses you.
You hit the kobold brigand.
You kill the kobold brigand!
The adder bites you.
* * * LOW HITPOINT WARNING * * *
Your Dodging skill increases to level 3!
Your Transmutations skill increases to level 3!
You hit the adder.
The adder is lightly wounded.
The adder misses you. The adder closely misses you.
You hit the adder.
The adder is moderately wounded.
The kobold throws a stone.
The stone hits you.
* * * LOW HITPOINT WARNING * * *
The adder bites you.
* * * LOW HITPOINT WARNING * * *
You are lethally poisoned!
The adder poisons you!
* * * LOW HITPOINT WARNING * * *
You feel sick.
The kobold throws a stone.
The stone barely misses you.
It was a potion of flight.
You feel very buoyant.
You fly up into the air.
* * * LOW HITPOINT WARNING * * *
You feel sick. The adder misses you.
Found a scroll labelled UTUJ UNARPHATEST.
* * * LOW HITPOINT WARNING * * *
You feel sick. The adder bites you but does no damage.
It was a potion of might.
You feel very mighty all of a sudden.
You die...

###...###.......#
#######......##.......##
##.............#........##
.......≈.......#.........##
...≈.≈≈≈≈≈.....########...#
..≈≈#≈#≈####..#########...#
..≈≈≈≈≈≈≈≈≈#........>.....#
##########≈#...######.#..$#
#≈#≈≈≈≈÷≈#...S@.# #.....#
#≈#≈#≈####..K##.# #..(..#
#≈#≈#≈≈≈≈#.)## ..#..#...#
#≈#≈#≈##≈#..$......##.....
#≈#≈#≈≈#≈###.....:.####...
#≈#≈##≈#≈# K.......# #....
#≈≈≈##≈#≈# ..............
###≈#.≈#≈# ........?#
######## .......


You could see an adder and a kobold.

Vanquished Creatures
  A kobold brigand (D:6)
  A jelly (D:6)
  6 adders
  5 river rats
  A worm (D:6)
  A dart slug (D:1)
  An orc (D:6)
  6 ball pythons
  2 bats (D:1)
  12 endoplasms
  5 giant cockroaches
  A goblin (D:1)
  5 hobgoblins
  7 kobolds
  3 quokkas (D:1)
  6 frilled lizards
  13 rats
76 creatures vanquished.

Notes
Turn   | Place    | Note
-------+----------+-------------------------------------------
     0 | D:1      | miscthings the Demigod Transmuter began the quest for the
                  | Orb.
     0 | D:1      | Reached XP level 1. HP: 15/15 MP: 5/5
    36 | D:1      | Reached skill level 1 in Fighting
    57 | D:1      | Reached XP level 2. HP: 5/23 MP: 7/7
  1292 | D:1      | Reached XP level 3. HP: 20/28 MP: 6/8
  1664 | D:2      | Found Ibaxuzxuce's Jewellery Shop.
  1711 | D:2      | HP: 1/28 [poisoned by an adder]
  2425 | D:2      | Noticed an ogre
  2576 | D:1      | Learned a level 3 spell: Spider Form
  2745 | D:2      | Reached XP level 4. HP: 36/36 MP: 8/10
  2867 | D:3      | You fall into a shaft and drop 3 floors!
  2873 | D:6      | Noticed a kobold brigand
  3192 | D:6      | Found a glowing drain.
  3351 | Sewer    | Entered a sewer
  3456 | Sewer    | Reached XP level 5. HP: 27/41 MP: 11/11
  3459 | Sewer    | Learned a level 2 spell: Wereblood
  3759 | D:6      | HP: 2/42 [poisoned by an adder]
  3762 | D:6      | Succumbed to an adder's poison

Illustrated notes

Levels and vault maps discovered:
D:1:      mainiacjoe_arrival_reflecting_pool, layout_rooms,
          hellmonk_ecumenical_altar_pennies_from_heaven
D:2:      layout_basic, serial_shops, shop, basic_altar,
          kennysheep_generic_room_12
D:3:      minmay_skewed_foursquare, layout_basic, trog_butcher_becter,
          gammafunk_ghost_grave, uniq_terence
D:6:      layout_rooms, minmay_temple_entry_enclosed_plants,
          lightli_sewer_entry_pipes, st_stairs_7

Skill      XL: |  1  2  3  4  5 |
---------------+----------------+-----
Fighting       | 1 2 |  2.3
Dodging        | 2 3 |  3.0
Transmutations | 2 3 |  3.0
Spellcasting   | 2 |  2.8
Unarmed Combat | 3 |  3.6

Action                   |  1- 3 |  4- 6 || total
-------------------------+-------+-------++-------
Melee: Unarmed           |   156 |    92 ||   248
       Headbutt          |    16 |     8 ||    24
       Kick              |    27 |    13 ||    40
 Cast: Beastly Appendage |    20 |     9 ||    29
       Wereblood         |       |     3 ||     3
  Use: Potion            |     1 |     2 ||     3
 Stab: Sleeping          |     3 |       ||     3
Armor: Robe              |    32 |    10 ||    42
Dodge: Dodged            |    85 |    50 ||   135

Table legend: (Time is in decaauts)
 A = Elapsed time spent in this place.
 B = Non-inter-level travel time spent in this place.
 C = Inter-level travel time spent in this place.
 D = Time resting spent in this place.
 E = Time spent auto-exploring this place.
 F = Levels seen in this place.
 G = Mean time per level.
                   A        B        C        D        E       F      G
               +--------+--------+--------+--------+--------+-----+--------+
         Total |   3826 |   3782 |     44 |   2160 |    872 |   5 |  765.2 |
       Dungeon |   3459 |   3415 |     44 |   2105 |    704 |   4 |  864.8 |
         Sewer |    367 |    367 |      0 |     55 |    167 |   1 |  367.0 |
               +--------+--------+--------+--------+--------+-----+--------+

Top non-repeatable levels by time:
     D:1: 1587 daAuts
     D:2: 1162 daAuts
     D:6: 597 daAuts
   Sewer: 367 daAuts
     D:3: 111 daAuts
